 Dungeon Crawl Stone Soup version 0.29-a0-973-gac7da5f7f0 (webtiles) character file.

Game seed: 6692498993286303526

1904 inmateoo the Chopper (level 8, 0/65 HPs)
             Began as a Demonspawn Gladiator on July 31, 2022.
             Was a Follower of Okawaru.
             Slain by Sassenached's ghost (9 damage)
             ... on level 6 of the Dungeon.
             The game lasted 00:05:27 (5741 turns).

inmateoo the Chopper (Demonspawn Gladiator)         Turns: 5741, Time: 00:05:28

Health: 0/65       AC: 15    Str: 17    XL:     8   Next: 94%
Magic:  9/9        EV: 11    Int: 10    God:    Okawaru [*.....]
Gold:   279        SH:  5    Dex: 14    Spells: 7/7 levels left

rFire   + . .      SeeInvis .   a - +0 war axe
rCold   . . .      Faith    .   o - +0 buckler
rNeg    . . .      Spirit   .   w - +3 scale mail {rPois}
rPois   +          Reflect  .   q - +2 hat
rElec   .          Harm     .   (no cloak)
rCorr   .          Rampage  .   t - +0 pair of gloves
Will    .....                   (no boots)
Stlth   ..........              (no amulet)
HPRegen 0.20/turn               k - ring of protection from fire
MPRegen 0.11/turn               (no ring)

@: no status effects
A: hooves 1, rugged brown scales 2, spiny 2
a: Renounce Religion, Heroism


You were on level 6 of the Dungeon.
You worshipped Okawaru.
Okawaru was aware of your devotion.
You visited 1 branch of the dungeon, and saw 6 of its levels.
You also visited: Sewer.

You collected 289 gold pieces.
You spent 10 gold pieces at shops.

Inventory:

Hand Weapons
 a - a +0 war axe (weapon)
Missiles
 d - 3 throwing nets (quivered)
 e - a javelin
Armour
 o - a +0 buckler (worn)
 q - a +2 hat (worn)
 t - a +0 pair of gloves (worn)
 w - a +3 scale mail of poison resistance (worn)
Jewellery
 k - a ring of protection from fire (left hand)
 z - an amulet of faith
Wands
 h - a wand of charming (1)
Scrolls
 b - 5 scrolls of identify
 g - 2 scrolls of teleportation
 j - 2 scrolls of blinking
 l - a scroll of magic mapping
 n - a scroll of amnesia {unknown}
 r - 2 scrolls of immolation {unknown}
 s - a scroll of fear {unknown}
 x - a scroll of enchant weapon {unknown}
 y - a scroll of butterflies {unknown}
Potions
 c - a potion of haste {unknown}
 f - 2 potions of lignification
 i - 3 potions of curing
 m - 3 potions of resistance
 p - 4 potions of mutation
 u - a potion of heal wounds {unknown}
 v - 3 potions of ambrosia {unknown}
 A - a potion of invisibility {unknown}


   Skills:
 + Level 5.1 Fighting
 * Level 6.9 Axes
 - Level 1.7 Throwing
 + Level 4.2 Armour
 + Level 5.1 Dodging
 + Level 3.1 Shields
 + Level 2.1 Invocations


You had 7 spell levels left.
You didn't know any spells.
Your spell library contained the following spells:

 Spells                   Type           Power      Damage    Failure   Level
 Magic Dart               Conj           0%         1d3       85%         1
 Ensorcelled Hibernation  Hex/Ice        0%         N/A       94%         2
 Searing Ray              Conj           0%         2d4       94%         2
 Spider Form              Tmut/Pois      0%         N/A       99%         3
 Anguish                  Hex/Necr       0%         N/A       100%        4
 Cause Fear               Hex            0%         N/A       100%        4
 Fulminant Prism          Conj/Hex       0%         3d6       100%        4
 Dragon Form              Tmut           0%         N/A       100%        7
 Dragon's Call            Summ           Unusable   N/A       N/A         9

Dungeon Overview and Level Annotations

Branches:
Dungeon (6/15)             Temple (0/1) D:6           Sewer (visited)

Altars:
Ashenzari
Kikubaaqudgha
Okawaru

Shops:
D:2 :!   D:4 *   D:5 *

Annotations:
D:6 Sassenached's ghost, novice HuWn


Innate Abilities, Weirdness & Mutations

You have large cloven feet.
You are mostly covered in rugged brown scales. (AC +2, +5% HP)
You are mostly covered in sharp spines.


Message History

You barely miss Sassenached's ghost.
Sassenached's ghost is severely damaged.
Sassenached's ghost hits you but does no damage.
You hit Sassenached's ghost but do no damage.
Your kick misses Sassenached's ghost.
Sassenached's ghost is severely damaged.
Sassenached's ghost hits you!
Sassenached's ghost hits you but does no damage.
You barely miss Sassenached's ghost.
Sassenached's ghost is severely damaged.
Sassenached's ghost hits you.
You are too injured to fight recklessly!
You hit Sassenached's ghost but do no damage.
Sassenached's ghost is severely damaged.
Sassenached's ghost is struck by your spines.
Sassenached's ghost hits you.
You are too injured to fight recklessly!
You closely miss Sassenached's ghost.
Sassenached's ghost is severely damaged.
Sassenached's ghost hits you!
* * * LOW HITPOINT WARNING * * *
You are too injured to fight recklessly!
You hit Sassenached's ghost. Your kick misses Sassenached's ghost.
Sassenached's ghost is severely damaged.
You block Sassenached's ghost's attack.
You hit Sassenached's ghost but do no damage.
You kick Sassenached's ghost, but do no damage.
Sassenached's ghost is severely damaged.
Sassenached's ghost hits you but does no damage.
Sassenached's ghost is struck by your spines.
Sassenached's ghost hits you but does no damage.
You hit Sassenached's ghost but do no damage.
You kick Sassenached's ghost, but do no damage.
Sassenached's ghost is almost destroyed.
Sassenached's ghost hits you!
* * * LOW HITPOINT WARNING * * *
You closely miss Sassenached's ghost. Your kick misses Sassenached's ghost.
Sassenached's ghost is almost destroyed.
Sassenached's ghost hits you!
You die...

#.#####..#..#.########.....#
#.# #..#..#.##...........#
#.# #..#..#.##.#####.#.###
#.#####..#.......# ##.#.#
######
#...).......#.#######....#
#.....
#######..#.#.#........#.[#
#.###. #
#..#.##.#..#.##...## #.#..>
# #.÷..............## #.#.#.
# #.#######.@..##### #.....
# #.# ##W### ###.## #####
#.# #.=.########## #.##
....# #.# #♣8♣#........#
#.## ###.#
#.###########.######.# #.##
#.# #.............#
##.###.## #.#
#..#######.########...##.##
#.#
#.................#...##.##
#.#
##.#######.######.#...##.##


You could see Sassenached's ghost.

Vanquished Creatures
  Sigmund (D:6)
  A steam dragon (D:6)
  A water moccasin (D:4)
  Duvessa (D:5)
  An ice beast (D:5)
  A black bear (D:4)
  A phantom (D:4)
  2 bullfrogs (Sewer)
  A necrophage (D:6)
  4 scorpions
  Dowan (D:5)
  The ghost of jt the Magician, a weakling PaHW of Dithmenos (D:3)
  5 hounds
  2 jellies (D:4)
  Ijyb (D:4)
  5 iguanas
  An orc wizard (D:5)
  4 gnolls (D:5)
  12 adders
  A river rat (D:3)
  An ufetubus (D:4)
  A worm (D:2)
  A dart slug (D:3)
  10 orcs
  6 endoplasms
  6 giant cockroaches (Sewer)
  5 goblins
  6 hobgoblins
  7 jackals
  5 kobolds
  6 quokkas
  13 ball pythons
  8 bats
  15 frilled lizards
  8 rats
145 creatures vanquished.

Notes
Turn   | Place    | Note
-------+----------+-------------------------------------------
     0 | D:1      | inmateoo the Demonspawn Gladiator began the quest for the
                  | Orb.
     0 | D:1      | Reached XP level 1. HP: 16/16 MP: 1/1
   413 | D:1      | Gained mutation: You are partially covered in rugged brown
                  | scales. (AC +1, +3% HP) [demonic ancestry]
   413 | D:1      | Reached XP level 2. HP: 15/22 MP: 2/2
   445 | D:1      | Reached skill level 3 in Axes
   749 | D:1      | Gained mutation: You have large cloven feet. [demonic
                  | ancestry]
   749 | D:1      | Reached XP level 3. HP: 28/28 MP: 3/3
  1061 | D:2      | Found a faded altar of an unknown god.
  1089 | D:2      | Found Usuq's Vocational Training.
  1100 | D:2      | Reached skill level 1 in Armour
  1332 | D:2      | Found Faozuod's Distillery.
  1343 | D:2      | Bought a potion of degeneration for 10 gold pieces
  1729 | D:3      | Found a glowing drain.
  1860 | Sewer    | Entered a sewer
  1885 | Sewer    | Reached XP level 4. HP: 22/35 MP: 4/4
  2242 | Sewer    | Noticed a bullfrog
  2242 | Sewer    | Noticed a bullfrog
  2257 | Sewer    | Killed a bullfrog
  2258 | Sewer    | Reached skill level 4 in Axes
  2258 | Sewer    | Gained mutation: You are partially covered in sharp spines.
                  | [demonic ancestry]
  2258 | Sewer    | Reached XP level 5. HP: 42/42 MP: 5/5
  2522 | D:3      | Found a broken altar of Ashenzari.
  2570 | D:3      | Found a transporter.
  2573 | D:3      | Found a transporter.
  2573 | D:3      | Noticed jt's ghost (weakling PaHW)
  2907 | D:3      | Gained mutation: You are mostly covered in rugged brown
                  | scales. (AC +2, +5% HP) [demonic ancestry]
  2907 | D:3      | Reached XP level 6. HP: 36/49 MP: 6/6
  3309 | D:3      | Killed jt's ghost
  3521 | D:4      | Noticed Ijyb
  3535 | D:4      | Killed Ijyb
  3681 | D:4      | Reached skill level 5 in Axes
  3681 | D:4      | Gained mutation: You are mostly covered in sharp spines.
                  | [demonic ancestry]
  3681 | D:4      | Reached XP level 7. HP: 46/55 MP: 7/7
  3739 | D:4      | Reached skill level 1 in Shields
  4006 | D:4      | Found Adisat's Serpentskin Sales.
  4189 | D:4      | Found an ancient bone altar of Kikubaaqudgha.
  4479 | D:5      | Entered Level 5 of the Dungeon
  4585 | D:5      | Found Zozonu's Assorted Antiques.
  4694 | D:5      | Reached XP level 8. HP: 51/63 MP: 8/8
  4773 | D:5      | Reached skill level 6 in Axes
  4808 | D:5      | Noticed Duvessa
  4810 | D:5      | Noticed Dowan
  4819 | D:5      | Killed Duvessa
  4822 | D:5      | Killed Dowan
  5098 | D:5      | Found an iron altar of Okawaru.
  5111 | D:5      | Became a worshipper of Warmaster Okawaru
  5257 | D:6      | Found a runed translucent door.
  5258 | D:6      | Noticed Sassenached's ghost (novice HuWn)
  5420 | D:6      | Reached skill level 1 in Invocations
  5447 | D:6      | Noticed Sigmund
  5455 | D:6      | Killed Sigmund
  5456 | D:6      | Reached skill level 5 in Fighting
  5456 | D:6      | Reached skill level 5 in Dodging
  5459 | D:6      | Found a staircase to the Ecumenical Temple.
  5482 | D:6      | Reached * piety under Okawaru
  5741 | D:6      | Slain by Sassenached's ghost

Illustrated notes

Levels and vault maps discovered:
D:1:      dpeg_arrival_arbitrary_a, layout_basic, kennysheep_flooded_box,
          chequers_hall_statues_corner_a, grunt_decor_cap
D:2:      layout_loops_corners, serial_shops, nicolae_shop_crystal,
          nicolae_ecumenical_oubliette, nicolae_shop_vocational
D:3:      layout_loops_ring, ashenzari_altar_1, gammafunk_ghost_arena,
          portal_sewer_entry_b
D:4:      minmay_evil_eye, layout_loops_ring,
          nicolae_kikubaaqudgha_miasma_corner, guppyfry_shop_venom, uniq_ijyb
D:5:      layout_loops_cross, mainiacjoe_overflow_alcove_2, serial_shops,
          nicolae_square_shop, uniq_duvessa
D:6:      layout_loops_ring, minmay_temple_entry_stoned_glass,
          gammafunk_ghost_grave, st_stairs_4, uniq_sigmund

Skill      XL: |  1  2  3  4  5  6  7  8 |
---------------+-------------------------+-----
Axes           | 3 4 5 6 |  6.9
Dodging        | 3 4 5 |  5.1
Armour         | 1 2 3 4 |  4.2
Fighting       | 3 4 5 |  5.1
Shields        | 2 3 |  3.1
Invocations    | 2 |  2.1
Throwing       | |  1.7

Action                   |  1- 3 |  4- 6 |  7- 9 || total
-------------------------+-------+-------+-------++-------
Melee: War axe           |   101 |   117 |   147 ||   365
       Kick              |    10 |    24 |    34 ||    68
       Punch             |     1 |     2 |       ||     3
  Use: Potion            |       |     2 |     1 ||     3
       Scroll            |       |     5 |     2 ||     7
Armor: Ring mail         |    48 |    66 |    42 ||   156
       Skin              |       |    33 |    12 ||    45
       Scale mail        |       |       |    22 ||    22
Dodge: Dodged            |    81 |    58 |    58 ||   197
Block: Buckler           |       |     5 |    35 ||    40

Table legend: (Time is in decaauts)
 A = Elapsed time spent in this place.
 B = Non-inter-level travel time spent in this place.
 C = Inter-level travel time spent in this place.
 D = Time resting spent in this place.
 E = Time spent auto-exploring this place.
 F = Levels seen in this place.
 G = Mean time per level.
                   A        B        C        D        E       F      G
               +--------+--------+--------+--------+--------+-----+--------+
         Total |   5935 |   5737 |    198 |    901 |   3612 |   7 |  847.9 |
       Dungeon |   5191 |   4993 |    198 |    692 |   3410 |   6 |  865.2 |
         Sewer |    744 |    744 |      0 |    209 |    202 |   1 |  744.0 |
               +--------+--------+--------+--------+--------+-----+--------+

Top non-repeatable levels by time:
     D:3: 1190 daAuts
     D:4: 976 daAuts
     D:1: 924 daAuts
     D:2: 812 daAuts
   Sewer: 744 daAuts
     D:5: 687 daAuts
     D:6: 600 daAuts
